 Dungeon Crawl Stone Soup version 0.13-a0-3016-gcb2faac (webtiles) character file.

2823 PolkaDot the Cloud Mage (level 9, -2/55 HPs)
             Began as a Vampire Wizard on Sept 14, 2013.
             Shot with an arrow by a centaur (11 damage)
             ... on Level 7 of the Dungeon on Sept 15, 2013.
             The game lasted 00:45:06 (9007 turns).

PolkaDot the Cloud Mage (Vampire Wizard)            Turns: 9007, Time: 00:45:06

HP  -2/55        AC  4     Str  6      XL: 9   Next: 27%
MP  18/29        EV 12     Int 21      God:
Gold 339         SH  0     Dex 12      Spells:  3 memorised,  7 levels left

Res.Fire  : . . .   See Invis. : +   o - +2,+1 orc dagger (venom)
Res.Cold  : + . .   Warding    : .   a - +0 robe
Life Prot.: + + .   Conserve   : .   (no shield)
Res.Poison: +       Res.Corr.  : .   b - +0 wizard hat
Res.Elec. : .       Clarity    : .   i - +0 elf cloak
Sust.Abil.: . .     Spirit.Shd : .   p - +0 pair of gloves
Res.Mut.  : .       Stasis     : .   (no boots)
Res.Rott. : +       Flight     : .   n - amulet of faith
Saprovore : . . .                    t - ring of invisibility
                                     f - ring of magical power

@: regenerating slowly, somewhat resistant to hostile enchantments, stealthy
A: bottle blood, fangs 3, see invisible, unbreathing, Int -2
a: Bat Form, Bottle Blood, Evoke Invisibility


You were on level 7 of the Dungeon.
You were very thirsty.

You visited 1 branch of the dungeon, and saw 7 of its levels.
You also visited: Sewer.

You collected 319 gold pieces.

Inventory:

Hand weapons
 o - a +2,+1 orcish dagger of venom (weapon)
 s - a +1,+0 orcish dagger of speed (quivered)
Armour
 a - a +0 robe (worn)
 b - a +0 wizard hat (worn)
 i - a +0 elven cloak (worn)
 l - a +0 buckler
 p - a +0 pair of gloves (worn)
Magical devices
 q - a wand of polymorph (9)
 r - a wand of paralysis (15)
 y - a wand of fireball (4) {unknown}
Scrolls
 d - a scroll of fear
 g - 3 scrolls of teleportation
 h - 3 scrolls of identify
 m - a scroll of blinking
 u - 2 scrolls of remove curse
Jewellery
 f - a ring of magical power (left hand)
 n - an amulet of faith (around neck)
 t - a ring of invisibility (right hand)
 w - an uncursed amulet of the gourmand
 x - an uncursed ring of magical power
Potions
 e - 2 potions of heal wounds
 j - 8 potions of curing
 k - 2 potions of flight
Books
 c - a book of Minor Magic

   Spells                             Type                      Level
   *Magic Dart                        Conjuration                  1
   Blink                              Translocation                2
   Call Imp                           Summoning                    2
   Repel Missiles                     Charms/Air                   2
   Slow                               Hexes                        2
   *Conjure Flame                     Conjuration/Fire             3
   *Mephitic Cloud                    Conjuration/Poison/Air       3


   Skills:
 - Level 2.1 Dodging
 - Level 3.0 Stealth
 - Level 3.0 Spellcasting
 - Level 5.6 Conjurations
   Level 1.0 Summonings
   Level 0.7 Translocations
 * Level 8.2 Air Magic
 + Level 5.5 Evocations


You had 7 spell levels left.
You knew the following spells:

 Your Spells              Type           Power        Failure   Level  Hunger
a - Magic Dart            Conj           ####         1%          1    None
d - Mephitic Cloud        Conj/Pois/Air  ###.....     10%         3    ###....
s - Conjure Flame         Conj/Fire      ###.....     14%         3    ###....


Dungeon Overview and Level Annotations

Branches:
Dungeon (7/27)                Orc (0/4) D:6
 Temple: D:4-7

Altars:
Ashenzari
Fedhas
Nemelex Xobeh
Zin


Innate Abilities, Weirdness & Mutations

You heal slowly.
You can bottle blood from corpses.
You have razor-sharp teeth.*
You have supernaturally acute eyesight.
You can survive without breathing.*
You are dopey. (Int -2)


Message History

The centaur shoots an arrow.
The arrow misses you.
Casting: Magic Dart
Confirm with . or Enter, or press ? or * to list all spells.
Aiming: Magic Dart
Press: ? - help, Shift-Dir - straight line, f/p - centaur
Aim: a centaur, wielding a bow (heavily wounded)
The magic dart hits the centaur.
The centaur is severely wounded.
The centaur shoots an arrow.
The arrow hits you!
The centaur shoots an arrow.
The arrow hits you!
* * * LOW HITPOINT WARNING * * *
Casting: Magic Dart
Confirm with . or Enter, or press ? or * to list all spells.
Aiming: Magic Dart
Press: ? - help, Shift-Dir - straight line, f/p - centaur
Aim: a centaur, wielding a bow (severely wounded)
The magic dart hits the centaur.
The centaur is almost dead.
The centaur shoots an arrow.
The arrow hits you!
You die...

#### ###...###
##(@.....#
##........c..
#######
#.....#.....
....#..######...###
#...
.......#...#....#
##
...........(....#
.#...........###
####...#...##
#<...#####


You could see a centaur.

Vanquished Creatures
  2 hill giant zombies (D:6)
  A hungry ghost (D:5)
  A sky beast (D:6)
  A black bear (D:6)
  7 phantoms
  2 ogres
  Sigmund (D:6)
  A big kobold (Sewer)
  5 hounds
  A crimson imp (D:5)
  An orc priest (D:5)
  A big fish (Sewer)
  An orc wizard (D:4)
  2 worker ants
  5 scorpions (D:4)
  Ijyb (D:6)
  6 ogre zombies (D:6)
  3 green rats (Sewer)
  11 adders
  An inept feature mimic (D:6)
  5 giant mites (D:4)
  4 worms
  An adder skeleton (D:5)
  4 grey rats
  A giant eyeball (D:6)
  4 giant geckos
  4 oozes
  17 orcs
  2 ball pythons (D:1)
  7 giant cockroaches
  11 hobgoblins
  10 jackals
  14 kobolds
  5 quokkas
  A ball python zombie (D:6)
  17 bats
  4 giant newts (D:1)
  5 goblins
  3 goblin skeletons (D:6)
  2 hobgoblin skeletons
  A hobgoblin zombie (D:6)
  A kobold skeleton (D:5)
  3 orc skeletons (D:6)
  16 orc zombies
  10 rats
206 creatures vanquished.

Vanquished Creatures (collateral kills)
  2 scorpions (D:4)
2 creatures vanquished.

Vanquished Creatures (others)
  3 fungi (D:4)
3 creatures vanquished.

Grand Total: 211 creatures vanquished

Notes
Turn   | Place    | Note
--------------------------------------------------------------
     0 | D:1      | PolkaDot, the Vampire Wizard, began the quest for the Orb.
     0 | D:1      | Reached XP level 1. HP: 11/11 MP: 6/6
    61 | D:1      | Reached skill level 1 in Conjurations
   327 | D:1      | Reached XP level 2. HP: 17/17 MP: 8/8
   852 | D:1      | Reached XP level 3. HP: 20/22 MP: 10/10
  1044 | D:2      | Found a shattered altar of Ashenzari.
  1049 | D:2      | Found a glowing silver altar of Zin.
  1933 | D:3      | Reached XP level 4. HP: 28/28 MP: 11/12
  1941 | D:3      | Learned a level 3 spell: Conjure Flame
  1945 | D:3      | Learned a level 3 spell: Mephitic Cloud
  2728 | D:4      | Reached XP level 5. HP: 18/33 MP: 9/13
  2917 | D:4      | Reached skill level 4 in Conjurations
  2929 | D:4      | Found a glowing drain.
  2933 | Sewer    | Entered a sewer
  3051 | Sewer    | Gained mutation: You are dopey. (Int -2) [potion of mutation]
  3051 | Sewer    | Gained mutation: You are clumsy. (Dex -2) [potion of mutation]
  3051 | Sewer    | Lost mutation: You are clumsy. (Dex -2) [potion of mutation]
  3171 | Sewer    | Reached XP level 6. HP: 36/39 MP: 1/15
  3308 | Sewer    | Found a white marble altar of Elyvilon.
  3896 | D:4      | Noticed an ogre
  3911 | D:4      | Killed an ogre
  3911 | D:4      | Reached skill level 5 in Conjurations
  4645 | D:4      | Reached XP level 7. HP: 44/44 MP: 0/17
  4813 | D:4      | Reached skill level 1 in Air Magic
  5014 | D:4      | Reached skill level 1 in Evocations
  5470 | D:5      | Entered Level 5 of the Dungeon
  6010 | D:5      | Reached XP level 8. HP: 31/50 MP: 18/18
  6179 | D:5      | Found a sparkling altar of Nemelex Xobeh.
  6365 | D:5      | Reached skill level 5 in Air Magic
  6866 | D:6      | Noticed Sigmund
  6969 | D:6      | Killed Sigmund
  6969 | D:6      | Reached skill level 6 in Air Magic
  7145 | D:6      | Found a blossoming altar of Fedhas.
  7436 | D:7      | Reached skill level 7 in Air Magic
  7868 | D:6      | Reached XP level 9. HP: 35/55 MP: 5/20
  8053 | D:6      | Reached skill level 5 in Evocations
  8195 | D:6      | Found a staircase to the Orcish Mines.
  8222 | D:6      | Reached skill level 8 in Air Magic
  8491 | D:6      | Noticed Ijyb
  8508 | D:6      | Killed Ijyb
  9007 | D:7      | Shot with an arrow by a centaur

Action                   |  1- 3 |  4- 6 |  7- 9 || total
-------------------------+-------+-------+-------++-------
Melee: Unarmed           |     2 |       |       ||     2
       Dagger            |       |    37 |    37 ||    74
 Cast: Magic Dart        |   129 |   242 |   425 ||   796
       Mephitic Cloud    |       |     6 |     2 ||     8
       Conjure Flame     |       |    22 |    25 ||    47
 Abil: End Transformatio |       |     1 |       ||     1
       Bat Form          |       |     1 |       ||     1
       Evoke Invisibilit |       |     1 |       ||     1
  Use: Potion            |     1 |     7 |     1 ||     9
       Scroll            |       |    14 |     8 ||    22
 Stab: Sleeping          |     1 |       |     2 ||     3
